 Dungeon Crawl Stone Soup version 0.19-a0-1238-gee6bd96 (webtiles) character file.

133 Duffy the Grave Robber (level 5, -3/35 HPs)
             Began as a Formicid Necromancer on Aug 26, 2016.
             Slain by azzavlup's ghost (7 damage)
             ... on level 3 of the Dungeon.
             The game lasted 00:05:51 (3519 turns).

Duffy the Grave Robber (Formicid Necromancer)       Turns: 3519, Time: 00:05:51

Health: -3/35      AC:  2    Str: 13    XL:     5   Next: 39%
Magic:  11/11      EV: 12    Int: 14    God:
Gold:   146        SH:  0    Dex: 12    Spells: 4 memorised, 4 levels left

rFire  . . .     SeeInvis +     s - +0 whip
rCold  . . .     Gourm    .     a - +0 robe
rNeg   . . .     Faith    .     (no shield)
rPois  .         Spirit   .     (helmet unavailable)
rElec  .         Dismiss  .     (no cloak)
rCorr  +         Reflect  .     (no gloves)
MR     .....     Harm     .     (no boots)
Stlth  ++........               (no amulet)
                                (no ring)
                                e - ring of resist corrosion

@: no status effects
A: permanent stasis, dig shafts and tunnels, four strong arms, antennae 3
a: Dig, Shaft Self


You were on level 3 of the Dungeon.
You were not hungry.

You visited 1 branch of the dungeon, and saw 3 of its levels.

You collected 146 gold pieces.

Inventory:

Hand Weapons
 s - a +0 whip (weapon)
Armour
 a - a +0 robe (worn)
 k - a +0 buckler
Jewellery
 e - a ring of resist corrosion (left hand)
 n - an uncursed amulet of harm {unknown}
Wands
 o - a wand of iceblast (12/15)
 x - a wand of paralysis (7/24)
Scrolls
 f - 2 scrolls of immolation {unknown}
 h - 2 scrolls of identify {unknown}
 j - a scroll of fog {unknown}
 l - a scroll of noise {unknown}
 m - 2 scrolls of magic mapping {unknown}
 p - a scroll of blinking {unknown}
 r - a scroll of fear {unknown}
 u - a scroll of remove curse {unknown}
Potions
 d - 2 potions of lignification {unknown}
 i - a potion of resistance {unknown}
 q - 2 potions of haste {unknown}
 v - a potion of mutation {unknown}
 z - a potion of berserk rage {unknown}
 A - a potion of curing {unknown}
Books
 b - a book of Necromancy

   Spells                             Type                      Level
   a - Pain                           Necromancy                   1
   b - Animate Skeleton               Necromancy                   1
   c - Vampiric Draining              Necromancy                   3
   d - Regeneration                   Charms/Necromancy            3
   e - Animate Dead                   Necromancy                   4
   f - Control Undead                 Necromancy                   4
Comestibles
 c - 3 bread rations
 g - a beef jerky
 t - a slice of pizza
 w - 3 chunks of flesh


   Skills:
 + Level 0.0 Fighting
 - Level 1.7 Dodging
 - Level 2.4 Stealth
 - Level 4.0 Spellcasting
 + Level 5.2 Necromancy


You had 4 spell levels left.
You knew the following spells:

 Your Spells              Type           Power        Failure   Level  Hunger
a - Pain                  Necr           ###.         2%          1    None
l - Vampiric Draining     Necr           ###.......   10%         3    ###....
n - Animate Skeleton      Necr           N/A          2%          1    None
y - Regeneration          Chrm/Necr      ##........   21%         3    ###....


Dungeon Overview and Level Annotations

Branches:
Dungeon (3/15)

Altars:

Annotations:
D:3 azzavlup's ghost, amateur DsMo


Innate Abilities, Weirdness & Mutations

You are under a permanent stasis effect.
You can dig through walls and to a lower floor.
Your four strong arms can wield two-handed weapons with a shield.
You have a pair of large antennae on your head. (SInv)


Message History

You barely miss azzavlup's ghost.
Azzavlup's ghost turns its malevolent gaze towards you.
Azzavlup's ghost is lightly damaged.
Azzavlup's ghost barely misses you.
You hit azzavlup's ghost but do no damage.
Azzavlup's ghost is lightly damaged.
Azzavlup's ghost hits you.
You closely miss azzavlup's ghost.
Azzavlup's ghost is lightly damaged.
Azzavlup's ghost hits you! Azzavlup's ghost barely misses you.
Things that are here:
a dagger; a robe; a dagger Azzavlup's ghost hits you!
Azzavlup's ghost laughs crazily.
Azzavlup's ghost hits you!
You see here a buckler.
k - a buckler Azzavlup's ghost hits you!
You die...

####.# #.# #.# ##### #)#
...... #.# ..... #.# ...
#?# ####.#####
#####.###### #.........
...........#####@........
.................W.......
...........#####.........
#####''####)........#####
7..7 #......(..# 7..7
#.........#
777.7777#......).##
7..7Z7.7#.....>..#
7.7.7..7#....%...#


You could see azzavlup's ghost.

Vanquished Creatures
  2 orc wizards (D:3)
  2 adders (D:2)
  A worm (D:2)
  2 giant geckos (D:1)
  3 orcs (D:3)
  6 bats
  2 giant cockroaches
  A goblin (D:1)
  11 hobgoblins
  2 jackals (D:1)
  A quokka (D:2)
  A giant newt (D:1)
  8 kobolds
  7 rats
49 creatures vanquished.

Vanquished Creatures (collateral kills)
  A worm (D:3)
  A rat (D:2)
2 creatures vanquished.

Grand Total: 51 creatures vanquished

Notes
Turn   | Place    | Note
-------+----------+-------------------------------------------
     0 | D:1      | Duffy the Formicid Necromancer began the quest for the Orb.
     0 | D:1      | Reached XP level 1. HP: 13/13 MP: 3/3
   266 | D:1      | Learned a level 1 spell: Animate Skeleton
   280 | D:1      | Reached XP level 2. HP: 16/19 MP: 0/5
   794 | D:1      | Reached XP level 3. HP: 19/24 MP: 0/7
  2028 | D:2      | Reached XP level 4. HP: 16/30 MP: 1/9
  2352 | D:2      | Learned a level 3 spell: Vampiric Draining
  2356 | D:2      | Learned a level 3 spell: Regeneration
  3098 | D:3      | Reached skill level 5 in Necromancy
  3098 | D:3      | Reached XP level 5. HP: 19/35 MP: 2/10
  3470 | D:3      | Noticed azzavlup's ghost (amateur DsMo)
  3519 | D:3      | Slain by azzavlup's ghost

Vault maps used:
D:1:      elethiomel_arrival_shortcut
D:2:      first_bread
D:3:      kennysheep_generic_room_4

Skill      XL: |  1  2  3  4  5 |
---------------+----------------+-----
Spellcasting   | 3 4 |  4.0
Necromancy     | 5 |  5.2
Dodging        | |  1.7
Stealth        | |  2.4

Action                   |  1- 3 |  4- 6 || total
-------------------------+-------+-------++-------
Melee: Whip              |       |     3 ||     3
 Cast: Pain              |    77 |    46 ||   123
       Animate Skeleton  |     5 |     6 ||    11
 Abil: Dig               |     1 |     1 ||     2
  Use: Scroll            |       |     1 ||     1
  Eat: Chunk             |     3 |     6 ||     9
Armor: Robe              |     3 |     1 ||     4
Dodge: Dodged            |    20 |     9 ||    29
